 Dungeon Crawl Stone Soup version 0.25.1-2-g60ff931df9 (webtiles) character file.

Game seed: 11877410519666267534

3817 tempo the Thaumaturge (level 9, -5/48 HPs)
             Began as a Deep Elf Wizard on Oct 1, 2020.
             Was a Follower of Vehumet.
             Slain by a dream sheep (23 damage)
             ... on level 8 of the Dungeon.
             The game lasted 00:25:05 (10042 turns).

tempo the Thaumaturge (Deep Elf Wizard)            Turns: 10042, Time: 00:25:06

Health: -5/48      AC: 13    Str:  7    XL:     9   Next: 97%
Magic:  32/35      EV: 12    Int: 27    God:    Vehumet [*.....]
Gold:   311        SH:  0    Dex: 13    Spells: 10/30 levels left

rFire    . . .     SeeInvis .   L - +0 dagger (elec)
rCold    . . .     Gourm    .   (no shield)
rNeg     . . .     Faith    +   z - +1 leather armour {rPois}
rPois    +         Spirit   .   T - +0 helmet
rElec    .         Reflect  .   S - +2 cloak
rCorr    .         Harm     .   R - +2 pair of gloves {Str+3}
MR       .....                  G - +0 pair of boots
Stlth    ++........             O - amulet of faith
HPRegen  0.16/turn              y - ring of magical power
MPRegen  0.24/turn              x - ring of wizardry

@: sleeping
A: no striking features
a: Renounce Religion


You were on level 8 of the Dungeon.
You worshipped Vehumet.
Vehumet was aware of your devotion.
You were hungry.

You visited 2 branches of the dungeon, and saw 9 of its levels.
You also visited: Ossuary.

You collected 500 gold pieces.
You spent 189 gold pieces at shops.

Inventory:

Hand Weapons
 L - a +0 dagger of electrocution (weapon)
Missiles
 i - 7 poisoned darts (quivered)
 H - 25 bolts
Armour
 z - a +1 leather armour of poison resistance (worn)
 G - a +0 pair of boots (worn)
 N - a +2 buckler
 R - a +2 pair of gloves of strength (worn)
 S - a +2 cloak (worn)
 T - a +0 helmet (worn)
Jewellery
 g - an uncursed amulet of regeneration
 j - a +6 ring of dexterity
 n - an uncursed ring of see invisible
 s - an uncursed ring of protection from magic
 x - a ring of wizardry (right hand)
 y - a ring of magical power (left hand)
 A - an uncursed amulet of the acrobat
 I - an uncursed ring of attention
 M - the ring of the Falcon {+Blink rElec rF+ Slay+2}
   (You took it off a gnoll on level 6 of the Dungeon)

   [ring of protection from fire]

   It affects your accuracy and damage with ranged weapons and melee attacks
   (+2).
   It protects you from fire.
   It insulates you from electricity.
   It lets you blink.
 O - an amulet of faith (around neck)
Wands
 o - a wand of random effects (16)
 u - a wand of iceblast (5)
 P - a wand of digging (4)
Scrolls
 a - 3 scrolls of fear
 c - 2 scrolls of amnesia {unknown}
 e - 3 scrolls of enchant weapon
 k - 2 scrolls of magic mapping {unknown}
 l - a scroll of blinking {unknown}
 p - a scroll of enchant armour {unknown}
 q - 8 scrolls of remove curse
 r - a scroll of immolation {unknown}
 B - 4 scrolls of teleportation {unknown}
 F - a scroll of noise {unknown}
 Q - a scroll of fog {unknown}
Potions
 f - 4 potions of heal wounds
 h - 5 potions of curing
 m - 3 potions of cancellation {unknown}
 t - 2 potions of mutation
 v - 2 potions of resistance
 w - a potion of invisibility
 C - 2 potions of might {unknown}
 D - a potion of magic {unknown}
 E - 4 potions of degeneration {unknown}
 J - a potion of lignification {unknown}
 K - a potion of haste {unknown}
Comestibles
 d - 9 rations


   Skills:
 - Level 2.1 Fighting
 - Level 3.4 Armour
 - Level 3.0 Dodging
 - Level 3.0 Stealth
 + Level 1.3 Shields
 * Level 11.4 Spellcasting
 * Level 9.0 Conjurations
 - Level 1.1 Summonings
 - Level 1.1 Translocations
 + Level 5.6 Fire Magic
 - Level 1.0 Air Magic
 - Level 1.1 Poison Magic
 - Level 1.0 Evocations


You had 10 spell levels left.
You knew the following spells:

 Your Spells              Type           Power        Failure   Level  Hunger
a - Magic Dart            Conj           ####         1%          1    None
b - Mephitic Cloud        Conj/Pois/Air  #####...     1%          3    None
c - Call Imp              Summ           ###.....     2%          2    None
d - Blink                 Tloc           N/A          2%          2    None
e - Conjure Flame         Conj/Fire      ######..     1%          3    None
f - Orb of Destruction    Conj           ######....   41%         7    ######.
g - Apportation           Tloc           ###...       1%          1    None
h - Summon Butterflies    Summ           ###.....     1%          1    None

Your spell library contained the following spells:

 Spells                   Type           Power        Failure   Level  Hunger
 Freeze                   Ice            ###.         2%          1    None
 Animate Skeleton         Necr           N/A          2%          1    None
 Pain                     Necr           ###.         2%          1    None
 Iskenderun's Mystic Bla  Conj/Tloc      #####...     2%          4    None
 Slow                     Hex            ###.....     3%          2    None
 Gell's Gravitas          Tloc           ###.......   4%          3    None
 Lesser Beckoning         Tloc           ###.......   4%          3    None
 Confusing Touch          Hex            ###.....     6%          3    None
 Tukima's Dance           Hex            ###.....     6%          3    None
 Vampiric Draining        Necr           ###.......   6%          3    None
 Animate Dead             Necr           N/A          21%         4    None
 Petrify                  Tmut/Erth      ###.....     21%         4    None
 Alistair's Intoxication  Tmut/Pois      ###.....     43%         5    ###....
 Agony                    Necr           ###.....     50%         5    ###....
 Metabolic Englaciation   Hex/Ice        ###.......   50%         5    ###....
 Yara's Violent Unravell  Hex/Tmut       ###.......   50%         5    ###....
 Invisibility             Hex            ###.....     96%         6    #####..


Dungeon Overview and Level Annotations

Branches:
Dungeon (8/15)             Temple (1/1) D:6         Ossuary (visited)
   Lair: D:8-11

Altars:
Dithmenos
Gozag
Makhleb
Sif Muna
Vehumet
Xom
Yredelemnul

Shops:
D:4 [[:*   D:7 [

Annotations:
D:6 4 runed translucent doors


Message History

The dream sheep closely misses you.
Unknown command.
Unknown command.
You hit the dream sheep.
The dream sheep is lightly wounded.
The yak completely misses your butterfly.
Unknown command.
Unknown command.
There is an open door here.
Unknown command.
Unknown command.
Casting: Summon Butterflies (safe; 1% risk of failure)
Confirm with . or Enter, or press ? or * to list all spells.
The fire begins to smolder!
The dream sheep seems less confused.
The dream sheep shakes its wool and sparkles.
You feel drowsy...
You fall asleep.
The big kobold hits the dream sheep.
You smother the flame.
The dream sheep bites you!!
You die...

#...# ...# #...##.<.#
.. #######[.......# ...
#.....#..†.....##...
+.....#.b...........
#.....#....bbYb.....
#.....#..b..........
#.........KY..b.....
.....#####.#####@####..
... #.....#...## (
#.....#<...+
#.....#....#
#.....#....#
#.....###### #######


You could see a yak (confused), a big kobold (confused) and a dream sheep.

Vanquished Creatures
  A two-headed ogre (D:6)
  An ugly thing (D:6)
  A dream sheep (D:8)
  Grinder (D:4)
  A hippogriff (D:7)
  An ice beast (D:6)
  2 orc warriors
  2 sky beasts (D:7)
  An ogre (D:6)
  3 phantoms
  A necrophage (D:7)
  4 centaurs
  A big kobold (D:8)
  2 bullfrogs (D:7)
  A scorpion (D:7)
  3 killer bees (D:6)
  A crimson imp (D:5)
  Crazy Yiuf (D:7)
  3 hounds
  4 jellies
  A bullfrog skeleton (D:5)
  2 orc priests
  Ijyb (D:3)
  4 orc wizards
  An iguana (D:4)
  Natasha (thrice) (D:2)
  5 worker ants
  A killer bee zombie (D:6)
  4 mummies (Ossuary)
  5 gnolls
  A howler monkey skeleton (D:5)
  12 adders
  2 adder zombies
  4 worms
  2 dart slugs
  4 leopard geckos
  16 orcs
  2 ball pythons
  10 bats
  3 giant cockroaches
  7 goblins
  11 hobgoblins
  5 jackals
  11 kobolds
  7 quokkas
  8 frilled lizards
  2 goblin zombies (Ossuary)
  A jackal zombie (D:6)
  2 kobold zombies (Ossuary)
  3 orc zombies (Ossuary)
  8 rats
  4 rat zombies (Ossuary)
187 creatures vanquished.

Vanquished Creatures (collateral kills)
  An iguana (D:6)
  A giant cockroach (D:6)
  A jackal (D:6)
3 creatures vanquished.

Vanquished Creatures (others)
  An ogre (D:5)
  A centaur (D:5)
  A bullfrog (D:5)
  A scorpion (D:5)
  A worker ant (D:5)
  2 adders (D:5)
  2 orcs (D:5)
  A giant cockroach (D:5)
  A frilled lizard (D:5)
11 creatures vanquished.

Grand Total: 201 creatures vanquished

Notes
Turn   | Place    | Note
-------+----------+-------------------------------------------
     0 | D:1      | tempo the Deep Elf Wizard began the quest for the Orb.
     0 | D:1      | Reached XP level 1. HP: 10/10 MP: 7/7
   326 | D:1      | Reached XP level 2. HP: 15/15 MP: 4/9
   699 | D:1      | Reached skill level 5 in Spellcasting
   830 | D:1      | Reached XP level 3. HP: 20/20 MP: 8/11
   835 | D:1      | Learned a level 3 spell: Mephitic Cloud
   838 | D:1      | Learned a level 2 spell: Call Imp
   841 | D:1      | Learned a level 2 spell: Blink
   845 | D:1      | Learned a level 3 spell: Conjure Flame
  1560 | D:2      | Reached skill level 1 in Armour
  1561 | D:2      | Reached skill level 1 in Fighting
  1896 | D:2      | Reached XP level 4. HP: 25/25 MP: 5/13
  2117 | D:2      | Noticed Natasha
  2128 | D:2      | Killed Natasha
  2280 | D:2      | Noticed Natasha
  2288 | D:2      | Killed Natasha
  2288 | D:2      | Reached skill level 1 in Air Magic
  2288 | D:2      | Reached skill level 1 in Poison Magic
  2414 | D:2      | Noticed Natasha
  2422 | D:2      | Killed Natasha
  2422 | D:2      | Reached skill level 6 in Spellcasting
  2422 | D:2      | Reached XP level 5. HP: 27/29 MP: 6/15
  2651 | D:3      | HP: 1/29 [gnoll/+0 club (7)]
  2663 | D:3      | Reached skill level 1 in Fire Magic
  2789 | D:3      | Noticed Ijyb
  2822 | D:3      | Killed Ijyb
  3626 | D:3      | Reached XP level 6. HP: 34/34 MP: 17/17
  3850 | D:4      | Found Raothil's Antique Armour Boutique.
  3966 | D:4      | Found Zehajer's Book Shop.
  3990 | D:4      | Found a sand-covered staircase.
  3998 | Ossuary  | Entered an ossuary
  4271 | Ossuary  | Reached skill level 1 in Evocations
  4571 | D:4      | Noticed Grinder
  4852 | D:4      | Reached skill level 7 in Spellcasting
  4888 | D:4      | Bought a steaming leather armour for 189 gold pieces
  4899 | D:4      | Identified the cursed +0 leather armour of Gyath {rElec
                  | rPois Str-3 Int-5} (You bought it in a shop on level 4 of
                  | the Dungeon)
  5009 | D:4      | Paralysed by Grinder for 6 turns
  5018 | D:4      | Killed Grinder
  5018 | D:4      | Reached XP level 7. HP: 27/40 MP: 13/19
  5184 | D:4      | Found Nopla's Armour Emporium.
  5462 | D:4      | Found Magisin's Assorted Antiques.
  5738 | D:5      | Entered Level 5 of the Dungeon
  5802 | D:5      | Reached skill level 5 in Conjurations
  6002 | D:5      | Reached skill level 8 in Spellcasting
  6010 | D:5      | Reached XP level 8. HP: 18/44 MP: 0/22
  6205 | D:5      | Found a burning altar of Makhleb.
  6522 | D:5      | Found a shimmering altar of Xom.
  6907 | D:6      | Found a large runed translucent door.
  6907 | D:6      | Found a large runed translucent door.
  6926 | D:6      | Noticed a gargoyle
  6997 | D:6      | Found a staircase to the Ecumenical Temple.
  7007 | Temple   | Entered the Ecumenical Temple
  7017 | Temple   | Became a worshipper of Vehumet
  7118 | D:6      | Noticed a purple ugly thing
  7130 | D:6      | Reached skill level 9 in Spellcasting
  7148 | D:6      | Killed a purple ugly thing
  7385 | D:6      | Identified the ring of the Falcon {+Blink rElec rF+ Slay+2}
  7894 | D:6      | Found a large runed translucent door.
  7894 | D:6      | Found a large runed translucent door.
  7928 | D:6      | Noticed a two-headed ogre
  7947 | D:6      | Reached XP level 9. HP: 26/48 MP: 17/24
  7949 | D:6      | Killed a two-headed ogre
  7949 | D:6      | Reached skill level 10 in Spellcasting
  8103 | D:6      | Identified the Catalogue of Dislocation and Conjuration
  8113 | D:6      | Learned a level 7 spell: Orb of Destruction
  8155 | D:6      | Learned a level 1 spell: Apportation
  8157 | D:6      | Learned a level 1 spell: Summon Butterflies
  8661 | D:7      | Reached skill level 5 in Fire Magic
  8908 | D:7      | Reached * piety under Vehumet
  8908 | D:7      | Offered knowledge of Freeze by Vehumet.
  9010 | D:7      | Found a runed translucent door.
  9011 | D:7      | Noticed Crazy Yiuf
  9022 | D:7      | Killed Crazy Yiuf
  9113 | D:7      | Reached skill level 11 in Spellcasting
  9238 | D:7      | Reached skill level 1 in Shields
  9373 | D:7      | Found Qirogun's Antique Armour Shop.
 10042 | D:8      | Slain by a dream sheep

Illustrated notes

Levels and vault maps discovered:
D:1:      lightli_arrival_statuegarden, layout_loops_corners, minmay_tall_x
D:2:      layout_basic, uniq_natasha
D:3:      layout_loops_ring, minivault_27, uniq_ijyb
D:4:      layout_cave_pods, serial_shops, shop_fountains,
          nicolae_shop_statue_plus, shop, nicolae_shop_waterfront,
          enter_ossuary_1, first_ration, uniq_grinder
D:5:      layout_cave_pools, xom_confusion_cloud, makhleb_heckhound_becter
D:6:      layout_loops_ring, minmay_temple_entry_waves,
          minmay_hollow_rounded_squares
D:7:      layout_loops_corners, serial_shops, nicolae_shop_stone,
          minmay_misc_feat_doors, kennysheep_small_circle,
          uniq_crazy_yiuf_cottage
D:8:      layout_gridville, elyvilon_altar_5, hangedman_ranch
          [blue_anna_fruit_fields], minmay_misc_feat_rows, uniq_harold
Temple:   compressed_dpeg_circular_temple

Skill      XL: |  1  2  3  4  5  6  7  8  9 |
---------------+----------------------------+-----
Spellcasting   | 5 6 7 8 9 11 | 11.4
Armour         | 1 2 3 |  3.4
Fighting       | 1 2 |  2.1
Conjurations   | 2 3 4 5 7 9 |  9.0
Air Magic      | 1 |  1.0
Poison Magic   | 1 |  1.1
Fire Magic     | 1 2 3 4 5 |  5.6
Evocations     | 1 |  1.0
Stealth        | 3 |  3.0
Dodging        | 3 |  3.0
Shields        | 1 |  1.3
Summonings     | |  1.1
Translocations | |  1.1

Action                   |  1- 3 |  4- 6 |  7- 9 || total
-------------------------+-------+-------+-------++-------
Melee: Unarmed           |     8 |    20 |    21 ||    49
       Dagger            |       |       |     6 ||     6
       Flail             |       |       |     2 ||     2
Throw: Dart              |    18 |    13 |       ||    31
 Cast: Magic Dart        |   104 |   198 |   285 ||   587
       Mephitic Cloud    |       |     8 |    23 ||    31
       Conjure Flame     |       |     3 |    19 ||    22
       Blink             |       |     3 |     7 ||    10
       Call Imp          |       |       |     8 ||     8
       Summon Butterflie |       |       |     2 ||     2
Evoke: Wand              |       |       |     9 ||     9
  Use: Scroll            |       |       |     9 ||     9
 Stab: Confused          |       |     2 |     3 ||     5
  Eat: Chunk             |     3 |     7 |    10 ||    20
       Ration            |       |     1 |     1 ||     2
Armor: Robe              |     4 |    10 |       ||    14
       Leather armour    |       |     1 |    31 ||    32
Dodge: Dodged            |    30 |    62 |    87 ||   179
